[Event "Early-Titled-Tuesday-Blitz-September-26-2023"]
[Site "Chess.com"]
[Date "2023.09.26"]
[Round "2"]
[White "Martial2008"]
[Black "Sattarov_Bobur"]
[Result "1-0"]
[WhiteElo "2619"]
[BlackElo "2836"]
[TimeControl "180+1"]
[EndTime "8:17:34 PDT"]
[Termination "Martial2008 won on time"]

1. d4 Nf6 2. Nf3 g6 3. Bg5 Bg7 4. Nbd2 d6 5. e4 O-O 6. c3 c5 7.
dxc5 dxc5 8. h3 Nc6 9. Be2 Qc7 10. O-O Nh5 11. Qc2 b6 12. Rfe1 Bb7 13. Rad1 Rad8 14. a4 Nf4 15. Bf1 Ne6 16. Bh4 Rd7 17. Bg3 Qc8 18. Nc4 Rfd8 19. Rxd7 Rxd7 20. Nfe5 Nxe5 21.
Nxe5 Rd8 22. Bc4 Ba6 23. Bd5 Bb7 24. Bc4 Ba6 25. Bd5 Bf6 26. Qb3 Bb7 27. Ng4 Bg7 28.
a5 Bxd5 29. exd5 c4 30. Qb5 Nc7 31. Bxc7 Qxc7 32. axb6 axb6 33. Ne3 Qe5 34. Qxc4 h5 35. Rd1 Bh6 36. Qd4 Qc7 37. Qe4 b5 38. Nc2 Rd7 39.
Nb4 Qc5 40. Re1 Kf8 41. Qe5 1-0

[Event "Early-Titled-Tuesday-Blitz-September-26-2023"]
[Site "Chess.com"]
[Date "2023.09.26"]
[Round "2"]
[White "Witty_Alien"]
[Black "stasOR4ik"]
[Result "0-1"]
[WhiteElo "2195"]
[BlackElo "2448"]
[TimeControl "180+1"]
[EndTime "8:17:34 PDT"]
[Termination "stasOR4ik won on time"]

1. e4 c6 2. d4 d5 3. Nd2 dxe4 4. Nxe4 Nf6 5. Ng3 h5 6. h4 Bg4 7. Nf3 e6 8. Bd3 Bxf3 9. Qxf3 Qxd4 10. Bf4 Bb4+ 11.
c3 Nd5 12. Bd2 Qe5+ 13. Ne4 Be7 14. O-O-O Nd7 15. c4 Nb4 16. Bb1 O-O-O 17. a3 Na6 18. Bf4 Qa5 19. Bd6 Bf6 20. Qb3 Nac5 21. Bxc5 Nxc5 22. Nxc5 Qxc5 23. Bd3 Qxf2 24. Kb1 Rd7 25. Be4 Rhd8 26. Rxd7 Rxd7 27. Ka2 Rd2 28. Rb1 Qd4 29. Bh7 Rxg2 30. Qb4 c5 31. Qb5 Kc7 32. a4 b6 33.
a5 Qc3 34. axb6+ axb6 0-1

[Event "Early-Titled-Tuesday-Blitz-September-26-2023"]
[Site "Chess.com"]
[Date "2023.09.26"]
[Round "2"]
[White "FMStan15"]
[Black "Francisco_Ferrari"]
[Result "0-1"]
[WhiteElo "2095"]
[BlackElo "2422"]
[TimeControl "180+1"]
[EndTime "8:17:34 PDT"]
[Termination "Francisco_Ferrari won by resignation"]

1. e4 c5 2. c3 Nf6 3. e5 Nd5 4. d4 cxd4 5. Nf3 Nc6 6. cxd4 d6 7. Bc4 dxe5 8. dxe5 Be6 9. O-O g6 10. Ng5 Bg7 11.
Nxe6 fxe6 12. f4 O-O 13. Qg4 Nd4 14. Na3 b5 15. Bxd5 Qxd5 16. Be3 Nf5 17. Qe2 Qe4 18. Rf3 Nd4 19. Qf2 Nxf3+ 20. Qxf3 Qxf3 21. gxf3 a6 22. b4 Rac8 23. Rc1 Rxc1+ 24. Bxc1 Rc8 25. Bd2 Kf7 26. Kf2 Bh6 27. Ke3 g5 28. Kd3 gxf4 29. Nc2 Rd8+ 30. Ke2 Kg6 31. Bc3 Rc8 32. Kd3 Bg7 33. Bd4 Kf5 34.
Ne1 Bxe5 35. Bc5 Rd8+ 36. Ke2 Bd6 37. Bb6 Rc8 38. a3 Rc6 39. Bd4 e5 40. Bb2 e4 41.
fxe4+ Kxe4 42. Kd2 f3 43. Nd3 Bf4+ 44. Kd1 Rd6 45.
Kc2 Rxd3 0-1

[Event "Early-Titled-Tuesday-Blitz-September-26-2023"]
[Site "Chess.com"]
[Date "2023.09.26"]
[Round "2"]
[White "HajiyevKanan"]
[Black "DarZay"]
[Result "1-0"]
[WhiteElo "2462"]
[BlackElo "2217"]
[TimeControl "180+1"]
[EndTime "8:17:35 PDT"]
[Termination "HajiyevKanan won on time"]

1. d4 d5 2. Nf3 Bf5 3. Nh4 Bc8 4. c4 e5 5. Nf3 e4 6. Nfd2 dxc4 7. Nxe4 Bb4+ 8.
Nbc3 Bf5 9. Qa4+ Nc6 10. d5 Qxd5 11. Qxb4 Nxb4 12. Nxd5 Nxd5 13. Ng3 Bg6 14. Bd2 Ngf6 15. f3 O-O-O 16. e4 Nb6 17. a4 Nbd7 18. Bxc4 Ne5 19.
Be2 Nd3+ 20. Bxd3 Rxd3 21. Bc3 Rhd8 22. Ke2 Ne8 23. Rhd1 Rxd1 24. Rxd1 Rxd1 25. Kxd1 f6 26. h4 Nd6 27. Kd2 Kd7 28. Kd3 Bf7 29. Kd4 b6 30. e5 c5+ 31. Ke3 fxe5 32. Bxe5 Nc4+ 33. Kf4 Nxe5 34. Kxe5 Bb3 35. a5 bxa5 36. Nh5 g6 37.
Nf6+ Ke7 38. Nxh7 a4 39. Ng5 a5 40. Ne4 c4 41. Kd4 Ke6 42. g4 Bd1 43. Kxc4 Bxf3 44. Ng5+ Ke5 45. Nxf3+ Kf4 46. h5 gxh5 47. gxh5 1-0

[Event "Early-Titled-Tuesday-Blitz-September-26-2023"]
[Site "Chess.com"]
[Date "2023.09.26"]
[Round "2"]
[White "Bilan_Danila"]
[Black "vovachesss"]
[Result "0-1"]
[WhiteElo "2543"]
[BlackElo "2737"]
[TimeControl "180+1"]
[EndTime "8:17:36 PDT"]
[Termination "vovachesss won on time"]

1. d4 d6 2. Nf3 Nf6 3. g3 g6 4.
Bg2 Bg7 5. O-O O-O 6. c4 Bf5 7. Nc3 Ne4 8. Nh4 Nxc3 9. bxc3 Bc8 10.
Qb3 c6 11. a4 Qc7 12. e4 c5 13.
d5 a5 14. f4 b6 15. Nf3 Nd7 16. Ne1 Ba6 17. Nc2 Rab8 18. Bd2 e6 19. Ne3 Nf6 20. Rfe1 Rfe8 21. Rab1 exd5 22. Nxd5 Nxd5 23. exd5 Qd7 24. Bf1 Bc8 25. Rxe8+ Qxe8 26. Qd1 Bd7 27. Ra1 Qe4 28. Qe2 Qc2 29. Qe7 Qxd2 30. Qxd7 Qxc3 31. Rd1 Qf3 32. Rd2 Qe3+ 33. Rf2 Bd4 34. Qxd6 Qxf2+ 0-1

[Event "Early-Titled-Tuesday-Blitz-September-26-2023"]
[Site "Chess.com"]
[Date "2023.09.26"]
[Round "2"]
[White "CixPer1968"]
[Black "Masterbeaterr"]
[Result "0-1"]
[WhiteElo "2198"]
[BlackElo "2449"]
[TimeControl "180+1"]
[EndTime "8:17:37 PDT"]
[Termination "Masterbeaterr won on time"]

1. d4 d5 2. c4 dxc4 3. Nf3 a6 4.
a4 Nc6 5. e3 e5 6. Bxc4 e4 7.
Nfd2 Qg5 8. O-O Bh3 9. g3 Bxf1 10.
Bxf1 Nf6 11. Nc3 Qf5 12. Bg2 O-O-O 13. Ndxe4 Nxe4 14. Bxe4 Qd7 15. Qf3 g6 16. Nb5 Na5 17. Bxb7+ Nxb7 18. Na7+ Kb8 19. Nc6+ Ka8 20. Nxd8 Qxd8 21.
Bd2 Bd6 22. b4 Re8 23. a5 Qd7 24. b5 Qxb5 25. Qxf7 Re7 26. Qg8+ Ka7 27. h4 Qb2 28. Ra2 Qb1+ 29. Kg2 Qe4+ 30. Kh2 Qe6 31. Qxe6 Rxe6 32.
Kg2 h5 33. Kf3 Rf6+ 34. Ke2 c6 35. e4 Bc7 36. e5 Re6 37. f4 Re8 38. Kd3 Rd8 39.
Ke4 Kb8 40. Be3 Nxa5 41. f5 gxf5+ 42. Kxf5 Nc4 43. Bf2 Rg8 44. Rxa6 Kb7 45. Ra4 Nb6 46. Rb4 Kc8 47. e6 Nd5 48. Rc4 Rg4 49. Rxc6 Ne7+ 50.
Kf6 Nxc6 51. d5 Bd8+ 52. Kf7 Ne5+ 53. Ke8 Ng6 54. d6 Re4 55. d7+ Kc7 56. Bb6+ Kxb6 57.
Kxd8 Rxe6 58. Kc8 Ne7+ 59. Kb8 Nc6+ 0-1

[Event "Early-Titled-Tuesday-Blitz-September-26-2023"]
[Site "Chess.com"]
[Date "2023.09.26"]
[Round "2"]
[White "Vesper2018"]
[Black "chito89"]
[Result "0-1"]
[WhiteElo "2579"]
[BlackElo "2795"]
[TimeControl "180+1"]
[EndTime "8:17:39 PDT"]
[Termination "chito89 won by checkmate"]

1. e4 c6 2. d4 d5 3. e5 Bf5 4. Nf3 e6 5. Be2 c5 6. O-O Nc6 7. c3 Bg6 8. a3 cxd4 9. cxd4 Nge7 10. b4 Nc8 11. Bb2 Nb6 12. Nbd2 Be7 13. Rc1 O-O 14.
Nb3 Nc4 15. Bxc4 dxc4 16. Rxc4 Qd5 17. Qe2 a5 18. bxa5 Nxa5 19. Nxa5 Rxa5 20. a4 Rfa8 21. Rfc1 h6 22. Qd1 b5 23. Rc7 Bf8 24. axb5 Rxb5 25. Bc3 Bh5 26. h3 Rb3 27. Qe2 Raa3 28. Rc8 Qb7 29.
Qc4 Bxf3 30. Qc5 Bxg2 31. Qxf8+ Kh7 32. Qh8+ Kg6 33. Rg8 f5 34. exf6 Kxf6 35. Qh7 Rxc3 36. Rf8+ Kg5 37. f4+ Kh4 38. Rxc3 Ra1+ 39. Kh2 Rh1# 0-1

[Event "Early-Titled-Tuesday-Blitz-September-26-2023"]
[Site "Chess.com"]
[Date "2023.09.26"]
[Round "2"]
[White "Goryachkina"]
[Black "Fleetw00dMac"]
[Result "1/2-1/2"]
[WhiteElo "2685"]
[BlackElo "2475"]
[TimeControl "180+1"]
[EndTime "8:17:40 PDT"]
[Termination "Game drawn by repetition"]

1. e4 e5 2. Nf3 Nc6 3. Bc4 Bc5 4.
d3 Nf6 5. c3 a6 6. a4 Ba7 7. h3 d6 8. Nbd2 h6 9. Bb3 g5 10. Nf1 g4 11. hxg4 Nxg4 12. Ne3 Bxe3 13. Bxe3 Nxe3 14. fxe3 Bg4 15. Bd5 Qd7 16. Qb3 Na5 17.
Qc2 Bxf3 18. gxf3 O-O-O 19. b4 Nc6 20. b5 Nb8 21. bxa6 Nxa6 22. Rb1 c6 23. Bc4 Nb8 24. a5 d5 25. exd5 cxd5 26. Bb5 Qc7 27. Kf2 Rd6 28. c4 Rg8 29. Rhg1 Rdg6 30. Rxg6 Rxg6 31. Rg1 e4 32. Rxg6 fxg6 33. f4 g5 34. dxe4 gxf4 35. exd5 fxe3+ 36. Kxe3 Qg3+ 37. Kd2 Qf4+ 38. Kc3 Qe3+ 39. Kb4 Qe1+ 40. Ka4 Qa1+ 41. Kb3 Qe5 42. Qh7 Qe3+ 43. Ka4 Qd2 44. Qg8+ Kc7 45. Qg7+ Kc8 46. Qf8+ Kc7 47. Qe7+ Kc8 48. Qe6+ Kc7 49. Qe5+ Kc8 50. Qe6+ Kc7 51. Qe7+ Kc8 52. Qe6+ 1/2-1/2

[Event "Early-Titled-Tuesday-Blitz-September-26-2023"]
[Site "Chess.com"]
[Date "2023.09.26"]
[Round "2"]
[White "Herman-NY"]
[Black "alacritous"]
[Result "0-1"]
[WhiteElo "2495"]
[BlackElo "2316"]
[TimeControl "180+1"]
[EndTime "8:17:40 PDT"]
[Termination "alacritous won by checkmate"]

1. e4 d6 2. d4 Nf6 3. Nc3 e5 4. Nf3 Nbd7 5. Bc4 Be7 6. O-O O-O 7. Re1 c6 8. a4 a5 9. b3 exd4 10.
Nxd4 Ne5 11. Bf1 Qb6 12. Ba3 Bg4 13. Qd2 Rad8 14. Kh1 Rfe8 15. f4 Ng6 16. f5 Ne5 17. h3 Bh5 18. g4 Nfxg4 19. hxg4 Nxg4 20. Be2 Bf6 21. Bxg4 Bxg4 22. Rad1 Bxd1 23. Rxd1 d5 24. exd5 cxd5 25. Ncb5 Re4 26. c3 Rg4 27. Re1 Bg5 28.
Qh2 Rh4 29. Qxh4 Bxh4 30. Re2 Qh6 31. Kg2 Qg5+ 32. Kf3 Qh5+ 33. Kg2 Qg4+ 34. Kf1 Qg3 35. Bc5 h6 36. Bb6 Rc8 37. Ba7 Kh7 38. Bb6 Re8 39. Rxe8 Qf2# 0-1

[Event "Early-Titled-Tuesday-Blitz-September-26-2023"]
[Site "Chess.com"]
[Date "2023.09.26"]
[Round "2"]
[White "Flawless_Fighter"]
[Black "Arteler"]
[Result "1-0"]
[WhiteElo "2829"]
[BlackElo "2596"]
[TimeControl "180+1"]
[EndTime "8:17:41 PDT"]
[Termination "Flawless_Fighter won by resignation"]

1. Nf3 d5 2. d4 c6 3. Bf4 Nf6 4. e3 Bf5 5. Bd3 Ne4 6. Nbd2 e6 7. O-O Nd7 8. h3 Be7 9. Qe2 O-O 10. c4 h6 11. Rac1 Rc8 12. Rfd1 Ndf6 13. Nf1 Nd7 14. Bh2 Bd6 15. Bxd6 Nxd6 16. b3 Ne4 17. N1d2 Qf6 18. b4 Rfd8 19. a4 e5 20. dxe5 Nxe5 21.
Nxe5 Qxe5 22. Nf3 Qf6 23. Qc2 Bg6 24. Nd4 Bh5 25. Rf1 Qe5 26. cxd5 cxd5 27. Qxc8 Rxc8 28. Rxc8+ Kh7 29. f3 Qg3 30. Nf5 Qe5 31. fxe4 dxe4 32. Bb1 Bg6 33. Nd4 Qg3 34. Rc3 Qd6 35. b5 Qb4 36. Rc7 Qa3 37. Nf5 Qxa4 38. Rxb7 Qb4 39. Nh4 Qc5 40. Nxg6 Qxe3+ 41. Kh2 fxg6 42. Rff7 h5 43.
h4 Qf4+ 44. Rxf4 1-0

[Event "Early-Titled-Tuesday-Blitz-September-26-2023"]
[Site "Chess.com"]
[Date "2023.09.26"]
[Round "2"]
[White "Eagle_2019"]
[Black "zozik"]
[Result "1-0"]
[WhiteElo "2691"]
[BlackElo "2370"]
[TimeControl "180+1"]
[EndTime "8:17:41 PDT"]
[Termination "Eagle_2019 won on time"]

1. d4 d5 2. Nf3 Nf6 3. c4 e6 4. Nc3 c5 5. cxd5 exd5 6. g3 Nc6 7. Bg2 Be7 8. O-O O-O 9. dxc5 Bxc5 10. Bg5 Be6 11.
Bxf6 Qxf6 12. Nxd5 Qxb2 13. Nc7 Rad8 14. Qc1 Ba3 15.
Nxe6 Qxc1 16. Raxc1 fxe6 17. Rb1 b6 18. Ng5 Nd4 19. e3 h6 20. exd4 hxg5 21. Rfd1 Rd6 22. d5 Bc5 23. Rb2 exd5 24. Rxd5 Rdf6 25. Rdd2 g4 26.
Bd5+ Kh7 27. Be4+ Kh6 28. Kg2 a5 29. a4 Kg5 30. Bd5 Kh6 31. Bb3 Kg5 32. Bd1 Rf5 33.
Rbc2 R5f6 34. Rd5+ Rf5 35. Rcd2 Kh6 36. Rxf5 Rxf5 37. Bxg4 Re5 38. Rd8 Re4 39. Bd1 Rd4 40.
Rxd4 Bxd4 41. h4 Bc5 42. f4 Bd4 43. Kf3 Bc5 44. g4 Be7 45. g5+ Kg6 46. Kg4 Kf7 47.
Bb3+ Kf8 48. f5 Bb4 49. h5 Bd2 50.
f6 gxf6 51. gxf6 Bh6 52. Kf5 Bc1 53. Kg6 Bb2 54. h6 Ba1 55. h7 1-0

[Event "Early-Titled-Tuesday-Blitz-September-26-2023"]
[Site "Chess.com"]
[Date "2023.09.26"]
[Round "2"]
[White "jens1102"]
[Black "Qvalda"]
[Result "1/2-1/2"]
[WhiteElo "2622"]
[BlackElo "2371"]
[TimeControl "180+1"]
[EndTime "8:17:42 PDT"]
[Termination "Game drawn - insufficient material"]

1. e4 e6 2. d4 d5 3. e5 Bd7 4. Nf3 a6 5. a4 c5 6. c3 Nc6 7. Bd3 cxd4 8. O-O dxc3 9. bxc3 Nh6 10. Ba3 Bxa3 11. Nxa3 O-O 12. c4 d4 13. c5 f6 14. Nc4 fxe5 15. Ncxe5 Nxe5 16. Nxe5 Bc6 17. Nxc6 bxc6 18. Re1 Qf6 19. Qc2 g6 20. Rxe6 Qh4 21. Re4 Ng4 22. Qc4+ Rf7 23. h3 Qxf2+ 24. Kh1 Ne3 25.
Qa2 Kg7 26. Rxd4 Qxa2 27. Rxa2 Nd5 28. Bc4 Rf5 29. Bxd5 Rxd5 30. Rxd5 cxd5 31. Rd2 Rb8 32. Rxd5 Rb1+ 33. Kh2 Rc1 34. Rd6 Rxc5 35. Rxa6 Rc4 36. Ra8 Kh6 37. Kg3 Rc3+ 38. Kf4 Ra3 39. a5 Ra4+ 40.
Ke5 Ra2 41. g4 Kg5 42. a6 h5 43. gxh5 gxh5 44. a7 Kh4 45. Kd6 Kxh3 46. Kc6 h4 47. Kb6 Rb2+ 48. Kc7 Rc2+ 49. Kb7 Rb2+ 50. Kc6 Rc2+ 51.
Kb5 Ra2 52. Kb4 Kh2 53. Kb3 Ra1 54. Kb2 Ra6 55. Rh8 Rxa7 56. Rxh4+ Kg3 57. Rb4 Kf3 58. Rb3+ Ke4 59. Ra3 Rxa3 60. Kxa3 1/2-1/2

[Event "Early-Titled-Tuesday-Blitz-September-26-2023"]
[Site "Chess.com"]
[Date "2023.09.26"]
[Round "2"]
[White "vladgoncharov"]
[Black "sorch29"]
[Result "1-0"]
[WhiteElo "2525"]
[BlackElo "2321"]
[TimeControl "180+1"]
[EndTime "8:17:42 PDT"]
[Termination "vladgoncharov won by checkmate"]

1. d4 Nf6 2. c4 g6 3. Nc3 d6 4.
Nf3 Bg7 5. Bg5 O-O 6. e3 c5 7.
Be2 cxd4 8. Nxd4 Nc6 9. O-O Bf5 10. Bh4 Ne4 11. Nd5 Re8 12. f3 Nc5 13. Bf2 Ne6 14. Nxf5 gxf5 15. Rb1 a5 16. Qc2 Nc5 17. Rbd1 e6 18.
Nf4 Qf6 19. b3 Rad8 20. Rd2 Qc3 21. Qd1 Qe5 22. Nh5 Bh8 23. Kh1 Rd7 24. Re1 Ne7 25. Bf1 d5 26. Bg3 Qc3 27. e4 d4 28. Bd3 Nxd3 29. Rxd3 Qb4 30. Bf4 e5 31. Bg5 f4 32.
Bxe7 Rexe7 33. g3 fxg3 34. Rg1 Re6 35. Rxg3+ Rg6 36. f4 exf4 37. Nxf4 Be5 38. Nxg6 hxg6 39. Rgf3 Qd6 40. Qe2 Kg7 41. Qf2 Qe6 42. Rh3 Rd8 43. Qh4 Rh8 44. Qxh8# 1-0

[Event "Early-Titled-Tuesday-Blitz-September-26-2023"]
[Site "Chess.com"]
[Date "2023.09.26"]
[Round "2"]
[White "Zampronha1971"]
[Black "LangesNasenhaar"]
[Result "0-1"]
[WhiteElo "2270"]
[BlackElo "2482"]
[TimeControl "180+1"]
[EndTime "8:17:42 PDT"]
[Termination "LangesNasenhaar won on time"]

1. e4 g6 2. d4 Bg7 3. Nc3 c6 4.
f4 d5 5. e5 h5 6. Nf3 Bg4 7. h3 Bxf3 8. Qxf3 h4 9. Bd3 e6 10. Ne2 Nh6 11. Be3 Nf5 12. Bxf5 gxf5 13. O-O-O Bf8 14. Kb1 Be7 15. Rc1 b5 16. Rcg1 Nd7 17.
g4 hxg3 18. Rxg3 Nf8 19. Qg2 Ng6 20. Nc1 Rh6 21. Qe2 a5 22. Nd3 Kd7 23. Nc5+ Bxc5 24. dxc5 Rh4 25. Qd2 a4 26. Rhg1 Rh6 27. a3 Qa5 28.
Qf2 Rah8 29. Bd2 Qa7 30. Rh1 R8h7 31. Be3 Qa8 32. Qd2 Rh4 33. Ka2 Ke7 34. Rh2 Kf8 35.
Rh1 Kg7 36. Rh2 Kh8 37. Rh1 Qd8 38. Rh2 Ne7 39. Rh1 d4 40. Bxd4 Qd5+ 0-1

[Event "Early-Titled-Tuesday-Blitz-September-26-2023"]
[Site "Chess.com"]
[Date "2023.09.26"]
[Round "2"]
[White "Just_Lucky_1"]
[Black "GMG"]
[Result "1-0"]
[WhiteElo "2571"]
[BlackElo "2733"]
[TimeControl "180+1"]
[EndTime "8:17:43 PDT"]
[Termination "Just_Lucky_1 won on time"]

1. e4 c5 2. Nf3 Nc6 3. d4 cxd4 4.
Nxd4 Nf6 5. Nc3 e5 6. Ndb5 d6 7. Bg5 a6 8. Na3 Be6 9. Nc4 Rb8 10. Ne3 Be7 11. Bxf6 Bxf6 12. g3 O-O 13. h4 Rc8 14. Ncd5 Ne7 15. Nxf6+ gxf6 16. Qf3 Qa5+ 17. Kd1 d5 18.
Qxf6 dxe4 19. Bc4 Rfd8+ 20. Kc1 Rxc4 21. Nxc4 Bxc4 22. b3 Qa3+ 23. Kb1 Be6 24. h5 Nc6 25. h6 Kf8 26. Qh8+ Ke7 27. Qxh7 Rd2 28. Qxe4 Nd4 29. h7 Nxc2 30. h8=Q Nb4 31. Qxb7+ Rd7 32. Qh4+ f6 33. Qh7+ 1-0

[Event "Early-Titled-Tuesday-Blitz-September-26-2023"]
[Site "Chess.com"]
[Date "2023.09.26"]
[Round "2"]
[White "whitemirrorninja"]
[Black "atigerman"]
[Result "0-1"]
[WhiteElo "2480"]
[BlackElo "2705"]
[TimeControl "180+1"]
[EndTime "8:17:44 PDT"]
[Termination "atigerman won by resignation"]

1. d4 d5 2. Nc3 c6 3. Bf4 Bf5 4. e3 Nd7 5. g4 Bg6 6. Nf3 e6 7.
Ne5 Nxe5 8. Bxe5 Nf6 9. h4 h5 10. g5 Nd7 11. Bg3 a6 12. Bd3 Bxd3 13. Qxd3 g6 14.
O-O-O Bg7 15. e4 O-O 16. Bd6 Re8 17. e5 c5 18. dxc5 Nxe5 19. Bxe5 Bxe5 20. Na4 Qa5 21. Qb3 Rac8 22. c3 b5 23. Nb6 Rc7 24. a3 d4 25. Qb4 Qxb4 26. cxb4 Rd8 27. Kc2 Rc6 28. Kd3 Bc7 29. Rc1 Bxb6 30. cxb6 Rxb6 31. Rc7 Rbd6 32. Rhc1 Rd5 33. R1c5 Kf8 34. Rxd5 Rxd5 35. Rc6 e5 36. Rxa6 e4+ 37. Kxe4 d3 38. Ra8+ Ke7 39.
Kxd5 d2 40. Ra7+ Kf8 41. Kc5 d1=Q 42. Kxb5 Qe2+ 43. Ka5 Qxf2 44. Ra8+ Kg7 45. b5 Qg2 46. Ra7 Qd5 47. b4 Qe5 48. Ka6 Qe2 49. a4 Qc4 50.
Rc7 Qxc7 51. b6 Qc4+ 52. Ka7 Qxb4 53. b7 Qxa4+ 54. Kb6 Qxh4 55. b8=Q Qb4+ 56. Kc7 Qf4+ 57. Kc8 Qxb8+ 58. Kxb8 h4 0-1

[Event "Early-Titled-Tuesday-Blitz-September-26-2023"]
[Site "Chess.com"]
[Date "2023.09.26"]
[Round "2"]
[White "Yurasova_Daria"]
[Black "itsdsyr"]
[Result "1-0"]
[WhiteElo "2507"]
[BlackElo "2288"]
[TimeControl "180+1"]
[EndTime "8:17:44 PDT"]
[Termination "Yurasova_Daria won on time"]

1. d4 Nf6 2. Bg5 Ne4 3. Bf4 d5 4. e3 c5 5. Nf3 Nc6 6. Nbd2 Bg4 7. Be2 cxd4 8. exd4 Qb6 9. O-O Nxd2 10. Qxd2 e6 11. c3 Be7 12. h3 Bh5 13. a4 a5 14.
Ne5 Bg6 15. Bb5 O-O 16. Nd7 Qd8 17. Nxf8 Qxf8 18. Rfe1 Na7 19. Bd3 Nc8 20. Bxg6 hxg6 21. Bg5 Nd6 22. Bxe7 Qxe7 23. Qd3 Nf5 24. Kh1 Qg5 25.
Qf3 Nd6 26. Qg3 Qd8 27. b4 Ne4 28. Qe3 Rc8 29. Rec1 Rc4 30. bxa5 Qxa5 31. Rab1 b6 32. Rb5 Qxa4 33. Rxb6 Qa3 34. Qf4 Nxf2+ 35. Kh2 Rc8 36. Rf1 Qxc3 37. Qxf2 Rf8 38. Qb2 Qc7+ 39. Kh1 Qg3 40.
Rb7 1-0

[Event "Early-Titled-Tuesday-Blitz-September-26-2023"]
[Site "Chess.com"]
[Date "2023.09.26"]
[Round "2"]
[White "m_ezat"]
[Black "DonkyDonkyDonkey"]
[Result "0-1"]
[WhiteElo "2537"]
[BlackElo "2728"]
[TimeControl "180+1"]
[EndTime "8:17:46 PDT"]
[Termination "DonkyDonkyDonkey won by resignation"]

1. d4 Nf6 2. c4 g6 3. Nc3 d5 4.
Nf3 Bg7 5. Bf4 O-O 6. e3 c5 7. dxc5 Ne4 8. Be5 Nxc3 9. Bxc3 Bxc3+ 10. bxc3 Qa5 11. Qd2 dxc4 12. Bxc4 Qxc5 13. Qd4 Qc7 14. O-O Nc6 15. Qh4 Kg7 16. Bd5 h6 17. Rab1 Rd8 18. Bxc6 bxc6 19. Rfd1 Bf5 20. Rbc1 c5 21. h3 Rab8 22. Qa4 Rxd1+ 23. Rxd1 Rb2 24. Qa3 Rc2 25. Rd5 Be4 26. Rxc5 Qd6 27. Nd4 Rd2 28. Qc1 Rxa2 29. Rb5 e5 30. Nb3 Rc2 31. Qe1 Bd3 32. Rb4 Qc6 33.
Na5 Qc7 34. c4 Qxa5 35. e4 Rb2 36. Qc3 Rxb4 37. Kh2 Qc5 38. Qxd3 Rxc4 39. Qf3 Qd4 40. Qa3 Qxe4 0-1

[Event "Early-Titled-Tuesday-Blitz-September-26-2023"]
[Site "Chess.com"]
[Date "2023.09.26"]
[Round "2"]
[White "zimmm36"]
[Black "SargissyanSargis"]
[Result "1/2-1/2"]
[WhiteElo "2674"]
[BlackElo "2421"]
[TimeControl "180+1"]
[EndTime "8:17:46 PDT"]
[Termination "Game drawn - insufficient material"]

1. e4 e5 2. Nf3 Nc6 3. Bb5 a6 4. Ba4 Nf6 5. O-O Be7 6. Re1 b5 7. Bb3 d6 8. h3 O-O 9. c3 Bb7 10. d4 Re8 11. Ng5 Rf8 12. Nf3 Re8 13. Ng5 Rf8 14.
f4 h6 15. Nf3 exf4 16. Bxf4 d5 17. e5 Ne4 18. Nbd2 f5 19. exf6 Nxf6 20. Bc2 Bd6 21. Ne5 Nxe5 22. Bxe5 Bxe5 23. Rxe5 Qd6 24. Qf3 Ne4 25.
Qe3 Rae8 26. Nxe4 dxe4 27. Rxe8 Rxe8 28. Rf1 Bd5 29. Bb3 Qe6 30. Bxd5 Qxd5 31. b3 a5 32. g4 a4 33. Rf5 Qd7 34. Kg2 axb3 35. axb3 c6 36.
c4 bxc4 37. bxc4 Qd6 38. c5 Qd7 39. Kg3 Rd8 40. Qxe4 Qxd4 41. Qxd4 Rxd4 42. h4 Rc4 43. h5 Kh7 44. g5 hxg5 45. Rxg5 Kh6 46. Re5 g6 47.
hxg6 Kxg6 48. Re6+ Kf5 49. Rxc6 Ke5 50. Rc8 Kd5 51.
Kf3 Rxc5 52. Rh8 Rc3+ 53. Kf4 Rc4+ 54. Kf5 Rc6 55. Rd8+ Rd6 56. Ra8 Kc6 57. Ke5 Rd2 58. Rc8+ Kb7 59. Rc3 Kb6 60. Ke4 Kb7 61. Rb3+ Kc6 62.
Rb1 Kc7 63. Rb5 Kc6 64. Rh5 Kc7 65. Rh6 Kd7 66. Ke5 Kc7 67. Rh7+ Kc6 68. Rh8 Kc7 69.
Rh4 Kc6 70. Rc4+ Kd7 71. Ra4 Kc6 72. Ra3 Kc7 73. Ke6 Kb6 74. Rg3 Kc6 75. Rg8 Kb7 76.
Rg7+ Kc6 77. Rg1 Kb7 78. Rc1 Kb6 79. Rc4 Kb7 80. Rc5 Kb6 81. Rc3 Kb7 82. Rc5 Kb6 83. Rd5 Rxd5 84. Kxd5 1/2-1/2

[Event "Early-Titled-Tuesday-Blitz-September-26-2023"]
[Site "Chess.com"]
[Date "2023.09.26"]
[Round "2"]
[White "RobertoJBM"]
[Black "a-z30"]
[Result "1/2-1/2"]
[WhiteElo "2840"]
[BlackElo "2530"]
[TimeControl "180+1"]
[EndTime "8:17:46 PDT"]
[Termination "Game drawn by repetition"]

1. d4 d6 2. e4 Nf6 3. Nc3 g6 4. Be3 Bg7 5. Qd2 O-O 6. Bh6 c5 7. Bxg7 Kxg7 8. Nge2 cxd4 9. Nxd4 Nc6 10. O-O-O Nxd4 11. Qxd4 Be6 12. Bc4 Bxc4 13. Qxc4 Qa5 14. Kb1 Rfc8 15.
Qd4 Rxc3 16. bxc3 Rc8 17. Rd3 Qb5+ 18. Qb4 Qa6 19. f3 Rc4 20. Qb3 Nd7 21. Rd4 Rc5 22. Rhd1 Nb6 23. Rb4 Qe2 24. Rc1 Qxg2 25. c4 Qxh2 26.
Rb5 Qe5 27. Rxc5 Qxc5 28. Qb5 Qxc4 29. Qxc4 Nxc4 30. Rd1 h5 31. c3 g5 32. Kc1 Kg6 33. Rg1 b5 34. Kc2 a6 35. Kd3 Ne5+ 36. Ke3 f5 37. exf5+ Kxf5 38. Rh1 h4 39. Ra1 Nc4+ 40.
Ke2 Na3 41. Rd1 Ke5 42. Rg1 Kf5 43. Rd1 Nc4 44. Ra1 Nb6 45. Rg1 e5 46. Rd1 d5 47.
Ke3 Nc4+ 48. Kf2 Ke6 49. Rg1 Kf5 50. Rd1 Nb6 51. Ke3 Nc4+ 52. Kf2 1/2-1/2

[Event "Early-Titled-Tuesday-Blitz-September-26-2023"]
[Site "Chess.com"]
[Date "2023.09.26"]
[Round "2"]
[White "Zhani-Z"]
[Black "imdvb6307"]
[Result "1/2-1/2"]
[WhiteElo "2222"]
[BlackElo "2452"]
[TimeControl "180+1"]
[EndTime "8:17:46 PDT"]
[Termination "Game drawn by repetition"]

1. e4 Nc6 2. Nf3 d6 3. d4 Nf6 4. Nc3 Bg4 5. Be3 e6 6. h3 Bxf3 7. Qxf3 d5 8. exd5 exd5 9. O-O-O Bb4 10. Bd3 Bxc3 11. bxc3 Qd6 12. g4 h6 13. h4 O-O-O 14. g5 Qa3+ 15. Kd2 Ne4+ 16. Bxe4 dxe4 17. Qxe4 hxg5 18.
hxg5 Ne7 19. Rxh8 Rxh8 20. Rh1 Rxh1 21. Qxh1 Qxa2 22. Qh8+ Kd7 23. Qxg7 Ng6 24. Qf6 Qe6 25. Qf3 c6 26. Qg3 Kc8 27. f4 b5 28. Qf3 Ne7 29.
Qh5 a5 30. Qh8+ Kb7 31. Qe5 Qxe5 32. dxe5 Kc7 33. Bc5 Nf5 34. Kd3 Kd7 35. Ke4 Ke6 36. Bb6 a4 37. Bc5 Nh4 38. Bb4 Nf5 39. Bc5 Nh4 40. Bb4 Nf5 41. Bc5 1/2-1/2

[Event "Early-Titled-Tuesday-Blitz-September-26-2023"]
[Site "Chess.com"]
[Date "2023.09.26"]
[Round "2"]
[White "newyorkmouse"]
[Black "HrvojeZagreb"]
[Result "1-0"]
[WhiteElo "2497"]
[BlackElo "2282"]
[TimeControl "180+1"]
[EndTime "8:17:47 PDT"]
[Termination "newyorkmouse won by checkmate"]

1. Nf3 d5 2. e3 c5 3. c4 e6 4. cxd5 exd5 5. d4 Nc6 6. g3 Nf6 7. Bg2 Bg4 8. O-O Qd7 9. Nc3 cxd4 10. exd4 Be7 11. Re1 O-O 12. Bf4 Rfe8 13. Qd2 Bb4 14. Ne5 Nxe5 15. dxe5 Ne4 16. Bxe4 dxe4 17. Qxd7 Bxd7 18.
Rxe4 Bxc3 19. bxc3 Rac8 20. Re3 h6 21. h4 Rc4 22.
Rd1 Be6 23. Rb1 b6 24. Rb4 Rd8 25. a4 Rd1+ 26. Kh2 Bd5 27. f3 Rd2+ 28. Kg1 Rd1+ 29. Kg2 Ra1 30. Rd3 Be6 31. Rd4 Rxc3 32. Rd2 Rca3 33.
Rbd4 Rxa4 34. Rd8+ Kh7 35. g4 R4a2 36. Kg3 Ra3 37.
Ra8 Rb3 38. Rdd8 f5 39. h5 fxg4 40. Rh8# 1-0

[Event "Early-Titled-Tuesday-Blitz-September-26-2023"]
[Site "Chess.com"]
[Date "2023.09.26"]
[Round "2"]
[White "ATM622"]
[Black "Artemiki"]
[Result "0-1"]
[WhiteElo "2431"]
[BlackElo "2218"]
[TimeControl "180+1"]
[EndTime "8:17:47 PDT"]
[Termination "Artemiki won by checkmate"]

1. d4 Nf6 2. c4 c5 3. d5 e6 4. Nc3 exd5 5. cxd5 d6 6. e4 g6 7. g3 Bg7 8. Bg2 O-O 9. Nge2 Re8 10. O-O b5 11.
Nxb5 Nxe4 12. f3 Nf6 13. Bf4 Ba6 14. a4 Bxb5 15. axb5 Nbd7 16. Bxd6 Nxd5 17. Qxd5 Rxe2 18. f4 Nb6 19. Qf3 Rxg2+ 20. Kxg2 Qxd6 21. Rfd1 Qe6 22. Qc6 Qe2+ 23. Kh1 Re8 24. Re1 Qxe1+ 25. Rxe1 Rxe1+ 26. Kg2 c4 27. Kf2 Rb1 28. Qe8+ Bf8 29. Qe5 Na4 30.
Kf3 Rxb2 31. h4 c3 32. Qc7 c2 33. Kg4 Nc5 34. Qxa7 c1=Q 35. h5 Qd1+ 36. Kg5 Qxh5+ 37. Kf6 Qf5# 0-1